 Dungeon Crawl Stone Soup version 0.31.0-12-g77e489cdc1 (webtiles) character file.

Game seed: 5371111691154211916

180 Gadfly the Insei (level 5, -2/41 HPs)
             Began as a Demonspawn Monk on Feb 11, 2024.
             Slain by a kobold brigand
             ... wielding a +0 dagger
              (7 damage)
             ... on level 4 of the Dungeon.
             The game lasted 00:03:44 (2245 turns).

Gadfly the Insei (Demonspawn Monk)                  Turns: 2245, Time: 00:03:45

Health: -2/41      AC:  3    Str: 13    XL:     5   Next: 33%
Magic:  5/5        EV: 13    Int: 10    God:
Gold:   188        SH:  0    Dex: 14    Spells: 4/4 levels left

rFire   . . .        b - +4 whip (freeze)
rCold   . . .        c - orb {light}
rNeg    . . .        a - +0 robe
rPois   .            (no helmet)
rElec   .            (no cloak)
rCorr   +            (no gloves)
SInv    .            n - +0 pair of boots
Will    .....        (no amulet)
Stlth   +            i - ring of resist corrosion
HPRegen 0.26/turn    (no ring)
MPRegen 0.09/turn

%: no passive effects
@: glowing
A: spiny 1, hooves 1, clumsy 1, wild magic 1
a: no special abilities


You were on level 4 of the Dungeon.
You visited 1 branch of the dungeon, and saw 4 of its levels.

You collected 188 gold pieces.

Inventory:

Hand Weapons
 b - a +4 whip of freezing (weapon)
 g - a +0 falchion
Armour
 a - a +0 robe (worn)
 c - an orb of light (worn)
 n - a +0 pair of boots (worn)
Jewellery
 i - a ring of resist corrosion (left hand)
Scrolls
 e - a scroll of butterflies
 l - 2 scrolls of teleportation
Potions
 d - a potion of resistance
 f - 3 potions of curing
 j - a potion of lignification {unknown}
 m - 2 potions of enlightenment {unknown}


   Skills:
 - Level 3.0 Fighting
 + Level 3.2 Dodging
 * Level 3.7 Unarmed Combat
 * Level 2.6 Evocations
 * Level 2.0 Shapeshifting


You had 4 spell levels left.
You didn't know any spells.
Your spell library contained the following spells:

 Spells                   Type           Power      Damage    Failure   Level
 Freeze                   Ice            0%         1d3       45%         1
 Cigotuvi's Dreadful Rot  Necr/Alch/Air  0%         N/A       58%         2
 Frozen Ramparts          Ice            0%         1d1       82%         3
 Hailstorm                Conj/Ice       0%         3d5       82%         3
 Ignite Poison            Fire/Alch      0%         N/A       99%         4
 Freezing Cloud           Conj/Ice/Air   0%         6-21      100%        5
 Haunt                    Necr/Summ      0%         N/A       100%        7
 Borgnjor's Revivificati  Necr           0%         N/A       100%        8
 Death's Door             Necr           0%         N/A       100%        9


Dungeon Overview and Level Annotations

Branches:
Dungeon (4/15)
 Temple: D:4-7

Altars:


Innate Abilities, Weirdness & Mutations

You are partially covered in sharp spines.
You have large cloven feet.
You are clumsy. (Dex -2)
Your spells are a little harder to cast, but a little more powerful.


Message History

The scorpion is heavily wounded.
You feel very sick. The scorpion closely misses you.
The scorpion is struck by your spines. The scorpion stings you.
You are more poisoned.
The scorpion poisons you!
You hit the scorpion but do no damage.
The scorpion is severely wounded.
You feel very sick. The scorpion is struck by your spines.
You kill the scorpion!
Your Shapeshifting skill increases to level 2!
You have reached level 5!
You feel very sick.
The kobold brigand hits you with a +0 dagger!
An endoplasm comes into view.
Items here: )) = ††.
The endoplasm quivers.
You hit the kobold brigand. You freeze the kobold brigand.
The kobold brigand is lightly wounded.
You feel very sick.
The kobold brigand hits you with a +0 dagger.
* * * LOW HITPOINT WARNING * * *
You hit the kobold brigand. You freeze the kobold brigand.
The kobold brigand is lightly wounded.
* * * LOW HITPOINT WARNING * * *
You feel very sick.
The kobold brigand hits you with a +0 dagger.
* * * LOW HITPOINT WARNING * * *
You hit the kobold brigand. You freeze the kobold brigand.
The kobold brigand is heavily wounded.
* * * LOW HITPOINT WARNING * * *
You feel sick. The kobold brigand barely misses you.
You feel better.
The kobold brigand hits you with a +0 dagger.
* * * LOW HITPOINT WARNING * * *
The endoplasm misses you.
The kobold brigand attacks as it pursues you!
The kobold brigand hits you with a +0 dagger!
You die...

..... .... #.##.##
####... ......# ....... .
......# #..... .. ..###.#
######...# ..# ...##.#
#.......# ..#
.#.##.###.....#.# ..#
.#.....[.....<..###..####
......###.....#.@K.....:#
##..### #.....####J#.##.#
>..<# ####### ... #.#.#
..... #.#.# ....#.# #.#.#
.#.## # ....# .... #.#.#
.....


You could see a kobold brigand and an endoplasm.

Vanquished Creatures
  A scorpion (D:4)
  An iguana (D:3)
  4 adders
  A dart slug (D:2)
  A ribbon worm (D:2)
  5 bats
  3 endoplasms
  2 giant cockroaches
  7 hobgoblins
  9 jackals
  2 quokkas (D:2)
  5 ball pythons
  3 frilled lizards (D:1)
  5 goblins
  5 kobolds
  6 rats
60 creatures vanquished.

Notes
Turn   | Place    | Note
-------+----------+-------------------------------------------
     0 | D:1      | Gadfly the Demonspawn Monk began the quest for the Orb.
     0 | D:1      | Reached XP level 1. HP: 18/18 MP: 1/1
    56 | D:1      | Gained mutation: You are partially covered in sharp spines.
                  | [demonic ancestry]
    56 | D:1      | Reached XP level 2. HP: 22/24 MP: 2/2
   183 | D:1      | Reached skill level 1 in Evocations
   568 | D:1      | Found a faded altar of an unknown god.
   710 | D:2      | Reached XP level 3. HP: 29/29 MP: 3/3
   836 | D:2      | Reached skill level 1 in Shapeshifting
  1291 | D:3      | Reached XP level 4. HP: 35/35 MP: 4/4
  2064 | D:3      | Gained mutation: You are clumsy. (Dex -2) [potion of
                  | mutation]
  2064 | D:3      | Gained mutation: You are weak. (Str -2) [potion of
                  | mutation]
  2064 | D:3      | Gained mutation: A frigid envelope surrounds you and
                  | freezes all who hurt you. [potion of mutation]
  2065 | D:3      | Lost mutation: You are weak. (Str -2) [potion of mutation]
  2065 | D:3      | Lost mutation: A frigid envelope surrounds you and freezes
                  | all who hurt you. [potion of mutation]
  2065 | D:3      | Gained mutation: You have large cloven feet. [potion of
                  | mutation]
  2065 | D:3      | Gained mutation: Your spells are a little harder to cast,
                  | but a little more powerful. [potion of mutation]
  2226 | D:4      | Noticed a kobold brigand
  2230 | D:4      | Noticed a scorpion
  2239 | D:4      | Killed a scorpion
  2240 | D:4      | Reached XP level 5. HP: 29/41 MP: 5/5
  2243 | D:4      | HP: 2/41 [poisoned by a scorpion]
  2245 | D:4      | Slain by a kobold brigand

Illustrated notes

Levels and vault maps discovered:
D:1:      grunt_arrival_lava_bath, layout_rooms,
          shapermc_ecumenical_altar_mp_vishouse, st_stairs_6
D:2:      layout_basic
D:3:      layout_loops_corners, kennysheep_minor_cross,
          nicolae_figureground_pulse
D:4:      layout_loops_cross, nicolae_ossuary_entry_plus, gammafunk_ghost_arena,
          serial_shops, nicolae_shop_dealshenge, minmay_bisected

Skill      XL: |  1  2  3  4 |
---------------+-------------+-----
Evocations     | 1 2 |  2.6
Unarmed Combat | 3 |  3.7
Shapeshifting  | 1 2 |  2.0
Dodging        | 3 |  3.2
Fighting       | |  3.0

Action                     |  1- 3 |  4- 6 || total
---------------------------+-------+-------++-------
  Melee: Unarmed           |    48 |       ||    48
         Whip              |    32 |    34 ||    66
    Use: Potion            |     2 |     3 ||     5
         Scroll            |     5 |     1 ||     6
 Armour: Robe              |    36 |    18 ||    54
  Dodge: Dodged            |    57 |    25 ||    82
